AoeStats
← maize

Migration

508419517Analyzed
1v1 RM · 10d ago on Sep 22, 2026· 52m 40s· 2 players
Game mode
Random Map
Map size
132×132
Population
200
Speed
Normal
Resources
Standard
Victory
Conquest
Starting age
Dark Age
Ending age
Imperial Age
RankedLock teamsTeams togetherTeam positionsShared explorationLock speedFull tech treeHidden civsTurbo modeCheats
Victory
Defeat
🇺🇸 Romans · United States
1048
+16
🇺🇸 Sicilians · United States
1041
-16
maize
11:25 Feudal Age
12:30 Loom
16:50 Castle Age
15:19 Bloodlines
15:15 Scale Barding Armor
18:22 Medium Warships
25:00 Forging
25:17 Horse Collar
26:38 Fletching
32:11 Wheelbarrow
33:02 Wheelbarrow
32:57 Bodkin Arrow
35:40 Imperial Age
35:42 Hand Cart
37:17 Town Watch
39:26 Bracer
47:48 Chain Barding Armor
49:34 Capped Ram
Mr.FortressLOVER
10:36 Loom
11:13 Loom
12:59 Feudal Age
14:52 Double-Bit Axe
17:13 Scale Mail Armor
17:05 Fletching
17:58 Wheelbarrow
20:03 Castle Age
20:35 Town Watch
21:52 Bodkin Arrow
22:28 Medium Warships
23:24 Ballistics
23:29 Clinker Construction
30:48 Gold Mining
34:01 Imperial Age
31:54 Ballistas
31:39 Demolition Ship
31:51 Man-at-Arms
32:33 Scale Mail Armor
32:43 Forging
35:54 Chemistry
36:15 Heavy Warships
39:13 Town Patrol
44:30 Siege Engineers
45:18 Long Swordsman
49:45 Chain Mail Armor
49:40 Forging
51:05 Legionary
Connection lost

Rejoining the realm…

Still unreachable

The connection could not be restored.

Session expired

The server has moved on; the page needs a fresh start.